 Dungeon Crawl Stone Soup version 0.28.0-53-g5a82cb258f (webtiles) character file.

Game seed: 3724463504068357484

46 DungeonMaster the Magician (level 3, 8/24 HPs)
             Began as a Demonspawn Hedge Wizard on July 6, 2022.
             Quit the game on level 3 of the Dungeon.
             The game lasted 00:02:26 (2667 turns).

DungeonMaster the Magician (DsWz)                   Turns: 2667, Time: 00:02:27

Health: 8/24       AC:  5    Str: 10    XL:     3   Next: 46%
Magic:  8/8        EV: 12    Int: 17    God:
Gold:   138        SH:  0    Dex: 12    Spells: 8/9 levels left

rFire   . . .      SeeInvis .   a - +0 dagger (protect)
rCold   . . .      Faith    .   (no shield)
rNeg    . . .      Spirit   .   b - +0 robe
rPois   .          Reflect  .   c - +1 hat
rElec   .          Harm     .   (no cloak)
rCorr   .          Rampage  .   (no gloves)
Will    .....                   (no boots)
Stlth   ++........              (no amulet)
HPRegen 0.08/turn               (no ring)
MPRegen 0.11/turn               (no ring)

@: seriously poisoned (8 -> 2), slowed, very slow
A: molten scales 1, foul stench 1
a: no special abilities


You were on level 3 of the Dungeon.
You visited 1 branch of the dungeon, and saw 3 of its levels.

You collected 138 gold pieces.

Inventory:

Hand Weapons
 a - a +0 dagger of protection (weapon)
Missiles
 d - 90 stones
 h - a throwing net
 i - 12 bolts
Armour
 b - a +0 robe (worn)
 c - a +1 hat (worn)
Scrolls
 e - a scroll of fear
 j - a scroll of teleportation {unknown}
 k - 2 scrolls of identify
 l - a scroll of fog {unknown}
Potions
 f - a potion of lignification {unknown}
 g - 2 potions of cancellation {unknown}


   Skills:
 - Level 1.7 Dodging
 - Level 1.7 Stealth
 * Level 3.7 Spellcasting
 * Level 2.5 Conjurations
 - Level 1.0 Summonings
 - Level 0.8 Translocations


You had 8 spell levels left.
You knew the following spells:

 Your Spells              Type           Power      Damage    Failure   Level
a - Magic Dart            Conj           44%        1d5       6%          1

Your spell library contained the following spells:

 Spells                   Type           Power      Damage    Failure   Level
 Slow                     Hex            12%        N/A       16%         1
 Call Imp                 Summ           6%         N/A       16%         2
 Blink                    Tloc           12%        N/A       17%         2
 Conjure Flame            Conj/Fire      7%         6-21      28%         3
 Mephitic Cloud           Conj/Pois/Air  5%         N/A       34%         3


Dungeon Overview and Level Annotations

Branches:
Dungeon (3/15)

Altars:


Innate Abilities, Weirdness & Mutations

You are partially covered in molten scales. (AC +2)
You may rarely emit foul miasma when damaged in melee.


Message History

The magic dart hits the adder.
The adder is almost dead.
The adder bites you but does no damage.
Casting: Magic Dart (safe; 6% risk of failure)
Confirm with . or Enter, or press ? or * to list all spells.
Aiming: Magic Dart (safe; 6% risk of failure)
Press: ? - help, Shift-Dir - straight line, f/p - adder
Aim: an adder (almost dead, 100% to hit)
The magic dart hits the adder.
You kill the adder!
Casting: Magic Dart (safe; 6% risk of failure)
Confirm with . or Enter, or press ? or * to list all spells.
Aiming: Magic Dart (safe; 6% risk of failure)
Press: ? - help, Shift-Dir - straight line, f - you That beam is likely to hit you.
Continue anyway?
Okay, then.
Your magical contamination has completely faded away.
j - a scroll labelled JUSIAK JEALU You now have 129 gold pieces (gained 9).
You now have 138 gold pieces (gained 9).
k - a scroll of identify
Found a chain mail.
You see here a +0 chain mail.
There is a stone staircase leading up here.
l - a scroll labelled CEATSI LIRE
k - 2 scrolls of identify (gained 1)
A kobold brigand comes into view.
It is wielding a +0 dagger and quivering curare-tipped darts.
The kobold brigand shouts!
You open the door.
There is an open door here.
The kobold brigand throws a curare-tipped dart.
The curare-tipped dart hits you.
You are poisoned.
You have difficulty breathing.
You feel yourself slow down.
You feel very sick.
The kobold brigand throws a curare-tipped dart.
The curare-tipped dart barely misses you.
You feel very sick.
You feel sick.
Are you sure you want to abandon this character and quit the game? (Confirm with "yes".)

################## ###
#.[.<............. ..#
#.#######..###### #.#
##.#######..#########.#
................@....K#####
##########.####...........#
#.# ###..##'###.## ## #.#
##.#....#..# .#########.#
#.#....#..######
...........
#.#....#........
.########..
..#....#K.###### .## .#
..#....#..# ..####
..######.##


You could see a kobold brigand.

Vanquished Creatures
  An adder (D:3)
  2 worms (D:2)
  2 endoplasms
  3 giant cockroaches
  4 goblins
  2 hobgoblins (D:2)
  A quokka (D:2)
  4 ball pythons
  6 bats
  A frilled lizard (D:1)
  2 kobolds (D:1)
  3 rats
31 creatures vanquished.

Notes
Turn   | Place    | Note
-------+----------+-------------------------------------------
     0 | D:1      | DungeonMaster the Demonspawn Hedge Wizard began the quest
                  | for the Orb.
     0 | D:1      | Reached XP level 1. HP: 13/13 MP: 4/4
   693 | D:1      | Gained mutation: You may rarely emit foul miasma when
                  | damaged in melee. [demonic ancestry]
   693 | D:1      | Reached XP level 2. HP: 19/19 MP: 4/6
  1773 | D:2      | Gained mutation: You are partially covered in molten
                  | scales. (AC +2) [demonic ancestry]
  1773 | D:2      | Reached XP level 3. HP: 13/24 MP: 2/8
  2650 | D:3      | Noticed a kobold brigand
  2667 | D:3      | Quit the game

Illustrated notes

Levels and vault maps discovered:
D:1:      eino_arrival_water_star, layout_basic
D:2:      layout_rooms, hangedman_decor_clover_reticule
D:3:      layout_loops_ring, nicolae_tso_swordbearing_angel, nrook_mini_vaults,
          minmay_goblin_kobold_house

Skill      XL: |  1  2 |
---------------+-------+-----
Conjurations   | 2 |  2.5
Dodging        | |  1.7
Stealth        | |  1.7
Spellcasting   | |  3.7
Summonings     | |  1.0
Translocations | |  0.8

Action                   || total
-------------------------++-------
Melee: Dagger            ||    47
       Punch             ||     1
 Cast: Magic Dart        ||    67
  Use: Scroll            ||     7
Armor: Robe              ||    21
Dodge: Dodged            ||    32
